AoeStats
← JP

Arabia

510387183Analyzed
1v1 RM · 21h ago on Sep 30, 2026· 20m 22s· 2 players
Game mode
Random Map
Map size
Tiny (2 player)
Population
200
Speed
Normal
Resources
Standard
Victory
Conquest
Starting age
Dark Age
Ending age
Imperial Age
RankedLock teamsTeams togetherTeam positionsShared explorationLock speedFull tech treeHidden civsTurbo modeCheats
Victory
Defeat
🇩🇪 Magyars · Germany
1232
+15
🇬🇧 Varangians · United Kingdom
1206
-15
Eudamidas
6:30 Loom
8:54 Feudal Age
9:35 Double-Bit Axe
13:22 Horse Collar
21:16 Castle Age
19:44 Forging
19:37 Scale Mail Armor
19:30 Arson
19:47 Gold Mining
JP
6:28 Loom
8:38 Feudal Age
10:17 Double-Bit Axe
17:06 Horse Collar
21:17 Castle Age
19:40 Fletching
19:54 Gold Mining
Connection lost

Rejoining the realm…

Still unreachable

The connection could not be restored.

Session expired

The server has moved on; the page needs a fresh start.